 Dungeon Crawl Stone Soup version 0.31-a0-175-g9f7f995f2b (webtiles) character file.

Game seed: 3608738773925982538

1670 olmar the Protected (level 8, -3/64 (71) HPs)
             Began as an Armataur Fighter on June 18, 2023.
             Slain by a wight
             ... wielding a +0 morningstar
              (8 damage)
             ... on level 7 of the Dungeon.
             The game lasted 00:05:41 (5586 turns).

olmar the Protected (Armataur Fighter)              Turns: 5586, Time: 00:05:41

HP:   -3/64 (71)    AC: 11    Str: 23    XL:     8   Next: 69%
MP:   8/8           EV:  7    Int:  8    God:
Gold: 322           SH:  5    Dex: 11    Spells: 7/7 levels left

rFire   . . .        E - +0 flail (drain)
rCold   + . .        c - +0 buckler
rNeg    . . .        b - +0 scale mail
rPois   +            f - +0 helmet
rElec   .            s - +0 cloak
rCorr   .            (no gloves)
SInv    .            (no barding)
Will    .....        (no amulet) Stlth
                     h - ring of protection from cold
HPRegen 0.30/turn    k - ring of poison resistance
MPRegen 0.11/turn

%: roll
@: mighty, brilliant, mesmerised, drained
A: large, rugged brown scales 3, deformed body, armoured tail, roll, long
tongue, awkward tongue
a: no special abilities


You were on level 7 of the Dungeon.
You visited 1 branch of the dungeon, and saw 7 of its levels.

You collected 322 gold pieces.

Inventory:

Hand Weapons
 a - a +0 flail
 E - a +0 flail of draining (weapon)
Missiles
 i - 4 poisoned darts
 l - 5 boomerangs (quivered)
 t - 5 datura-tipped darts
Armour
 b - a +0 scale mail (worn)
 c - a +0 buckler (worn)
 f - a +0 helmet (worn)
 s - a +0 cloak (worn)
Jewellery
 h - a ring of protection from cold (left hand)
 k - a ring of poison resistance (right hand)
 q - an amulet of magic regeneration
 w - an amulet of reflection
 D - an amulet of guardian spirit
Wands
 v - a wand of charming (4)
 A - a wand of digging (3)
Scrolls
 e - 2 scrolls of immolation {unknown}
 j - 2 scrolls of identify
 o - a scroll of acquirement {unknown}
 r - 4 scrolls of amnesia
 u - a scroll of brand weapon {unknown}
 y - 2 scrolls of teleportation {unknown}
 z - 2 scrolls of enchant armour {unknown}
 B - a scroll of butterflies {unknown}
 G - a scroll of fog {unknown}
Potions
 d - 2 potions of degeneration
 g - 2 potions of attraction
 n - 2 potions of brilliance
 x - 3 potions of curing
 C - 2 potions of mutation {unknown}
 F - a potion of haste {unknown}


   Skills:
 + Level 4.5 Fighting
 + Level 6.8 Maces & Flails
 + Level 8.3 Armour
 - Level 0.6 Dodging
 + Level 5.3 Shields


You had 7 spell levels left.
You didn't know any spells.
Your spell library contained the following spells:

 Spells                   Type           Power      Damage    Failure   Level
 Slow                     Hex            0%         N/A       75%         1
 Summon Small Mammal      Summ           0%         N/A       75%         1
 Lesser Beckoning         Tloc           0%         N/A       87%         2
 Call Canine Familiar     Summ           0%         N/A       98%         3
 Confusing Touch          Hex            0%         N/A       98%         3
 Frozen Ramparts          Ice            0%         1d1       98%         3
 Gell's Gravitas          Tloc           0%         N/A       98%         3
 Summon Guardian Golem    Hex/Summ       0%         N/A       98%         3
 Teleport Other           Tloc           0%         N/A       98%         3
 Vampiric Draining        Necr           0%         2d6       98%         3
 Ice Form                 Ice/Tmut       0%         N/A       100%        4
 Summon Ice Beast         Ice/Summ       0%         N/A       100%        4


Dungeon Overview and Level Annotations

Branches:
Dungeon (7/15)             Temple (0/1) D:7

Altars:
Cheibriados
Sif Muna
Wu Jian

Annotations:
D:7 Maggie, Prince Ribbit


Innate Abilities, Weirdness & Mutations

You are completely covered in rugged brown scales. (AC +3, +7% HP)
Armour fits poorly on your strangely shaped body.
You have a long armoured tail.
You roll when moving toward enemies. (Rampage)
Your long tongue fully drains potion bottles. (2x potion effects)
Your tongue gives you trouble enunciating. (1.5x scroll delay)


Message History

The ufetubus closely misses you. The ufetubus completely misses you.
The wight hits you with a +0 morningstar!
You feel drained. The wight hits you but does no damage.
You cannot move away from Maggie!
Unknown command.
Unknown command.
You cannot move away from Maggie!
Unknown command.
Unknown command.
You cannot move away from Maggie!
Unknown command.
Okay, then.
You feel very mighty all of a sudden.
You slurp down every last drop of the potion of might!
The ufetubus hits you but does no damage.
The ufetubus barely misses you.
The wight hits you with a +0 morningstar.
The wight hits you but does no damage.
Unknown command.
You closely miss the ufetubus.
The ufetubus is severely wounded.
The ufetubus hits you. x3
The ufetubus hits you but does no damage.
The wight barely misses you. The wight hits you with a +5 war axe.
* * * LOW HITPOINT WARNING * * *
You feel drained.
The wight hits you with a +3 long sword!
* * * LOW HITPOINT WARNING * * *
Unknown command.
Okay, then.
Okay, then.
It was a potion of brilliance.
You feel clever all of a sudden.
You slurp down every last drop of the potion of brilliance!
The ufetubus hits you but does no damage.
The ufetubus hits you.
* * * LOW HITPOINT WARNING * * *
The wight hits you but does no damage. The wight barely misses you.
The wight hits you with a +0 morningstar!
You die...

,,,,,,,,,*******
,**,,,,,,.##.###########
***,,,,,,....##..#######
,,*,,,,,,........#######
*,,,,,,,,...#....#######
*,,,,,,,,.........######
,,,,,,,,,..........#####
,,,,,,,,,........z.###### ***
,,,,,,,,,.......@z@..##.#**,**
,,,,,,,,*.#..###5z......?,*,,*
***<,,,**##....#F.....##,,,,,** *
*,,,,,,.......)..#...#,,**,,*
***,,,,,,..#......)#(...,,**,,*
**,,,,,,,...........##..**,,,**
,,,,,,,,*...............,,,,**
,,,,,,,,,.....#.........*,,,*****
,,,,,,,,,....##.....>...#*,,,,*,*


You could see Maggie (mesmerising), Prince Ribbit, 3 wights and an ufetubus.

Vanquished Creatures
  Grinder (D:4)
  A sky beast (D:6)
  2 ice beasts (D:6)
  A black bear (D:4)
  2 ogres (D:6)
  3 phantoms
  A bullfrog (D:6)
  A scorpion (D:5)
  A wight (D:7)
  5 orc priests
  A sleepcap (D:5)
  3 iguanas
  2 orc wizards
  Robin (D:3)
  A gnoll (D:1)
  10 adders
  2 white imps (D:5)
  An ufetubus (D:6)
  A dart slug (D:2)
  20 orcs
  3 ball pythons
  A bat (D:2)
  7 endoplasms
  3 giant cockroaches
  9 hobgoblins
  2 jackals (D:4)
  6 quokkas
  3 frilled lizards
  18 goblins
  5 kobolds
  3 rats
120 creatures vanquished.

Notes
Turn   | Place    | Note
-------+----------+-------------------------------------------
     0 | D:1      | olmar the Armataur Fighter began the quest for the Orb.
     0 | D:1      | Reached XP level 1. HP: 19/19 MP: 1/1
   322 | D:1      | Reached skill level 4 in Armour
   322 | D:1      | Reached XP level 2. HP: 20/27 MP: 2/2
   559 | D:2      | Reached XP level 3. HP: 14/33 MP: 3/3
   733 | D:2      | Found a faded altar of an unknown god.
   796 | D:2      | Reached XP level 4. HP: 31/40 MP: 4/4
  1554 | D:3      | Found an ornate altar of the Wu Jian Council.
  2281 | D:4      | Noticed Grinder
  2281 | D:4      | Noticed a phantom
  2283 | D:4      | Noticed a phantom
  2357 | D:4      | Noticed Robin
  2486 | D:3      | Killed Robin
  2487 | D:3      | Reached XP level 5. HP: 47/48 MP: 5/5
  2518 | D:4      | Reached skill level 5 in Armour
  2527 | D:4      | Killed a phantom
  2632 | D:4      | Paralysed by Grinder for 4 turns
  2648 | D:4      | Killed a phantom
  2649 | D:4      | Reached XP level 6. HP: 41/54 MP: 6/6
  2652 | D:4      | Paralysed by Grinder for 2 turns
  2660 | D:4      | HP: 2/54 [Grinder/nerve-wracking pain (14)]
  2662 | D:4      | Killed Grinder
  2663 | D:4      | Reached skill level 6 in Armour
  2803 | D:4      | Reached XP level 7. HP: 46/60 MP: 7/7
  2998 | D:4      | Found a shimmering blue altar of Sif Muna.
  3109 | D:4      | Found a snail-covered altar of Cheibriados.
  3187 | D:5      | Entered Level 5 of the Dungeon
  3857 | D:5      | Reached skill level 5 in Maces & Flails
  3857 | D:5      | Reached skill level 7 in Armour
  4415 | D:6      | Reached XP level 8. HP: 70/70 MP: 8/8
  4563 | D:6      | Reached skill level 5 in Shields
  5298 | D:6      | Reached skill level 8 in Armour
  5575 | D:7      | Noticed Prince Ribbit
  5576 | D:7      | Noticed Maggie
  5586 | D:7      | Slain by a wight

Illustrated notes

Levels and vault maps discovered:
D:1:      mrwooster_arrival_statue_3, layout_rooms, nrook_campfire,
          kennysheep_minor_cross, chequers_mini_garden
D:2:      layout_loops_ring, serial_glass, glass_columns_a, glass_columns_c,
          nicolae_ecumenical_oubliette, minmay_randomly_rotated_circles
D:3:      layout_loops_corners, nzn_wu_jian_contemplation
D:4:      layout_rooms, mainiacjoe_overflow_24_doors, lemuel_crystal_altar,
          uniq_grinder, uniq_robin
D:5:      layout_basic, nicolae_underground_beach
D:6:      wander_river, layout_gridville
D:7:      layout_cave_pools, minmay_temple_entry_nine_rooms, enter_bailey_4,
          minivault_14, uniq_maggie, uniq_prince_ribbit1, uniq_pikel

Skill      XL: |  1  2  3  4  5  6  7  8 |
---------------+-------------------------+-----
Fighting       | 3 4 |  4.5
Maces & Flails | 2 3 4 5 6 |  6.8
Armour         | 4 5 6 7 8 |  8.3
Shields        | 4 5 |  5.3
Dodging        | |  0.6

Action                     |  1- 3 |  4- 6 |  7- 9 || total
---------------------------+-------+-------+-------++-------
  Melee: Flail             |    98 |   171 |   220 ||   489
         Tailslap          |     2 |    11 |    31 ||    44
  Throw: Dart              |       |       |     4 ||     4
         Boomerang         |       |       |     3 ||     3
    Use: Potion            |     3 |     1 |     2 ||     6
         Scroll            |     1 |     2 |     4 ||     7
 Armour: Scale mail        |    52 |   124 |   131 ||   307
  Dodge: Dodged            |    39 |    74 |    63 ||   176
  Block: Buckler           |    14 |    48 |    52 ||   114

Table legend: (Time is in decaauts)
 A = Elapsed time spent in this place.
 B = Non-inter-level travel time spent in this place.
 C = Inter-level travel time spent in this place.
 D = Time resting spent in this place.
 E = Time spent auto-exploring this place.
 F = Levels seen in this place.
 G = Mean time per level.
                   A        B        C        D        E       F      G
               +--------+--------+--------+--------+--------+-----+--------+
         Total |   5707 |   5489 |    218 |    191 |   4261 |   7 |  815.3 |
       Dungeon |   5707 |   5489 |    218 |    191 |   4261 |   7 |  815.3 |
               +--------+--------+--------+--------+--------+-----+--------+

Top non-repeatable levels by time:
     D:6: 1220 daAuts
     D:5: 1195 daAuts
     D:3: 1019 daAuts
     D:2: 952 daAuts
     D:4: 758 daAuts
     D:1: 544 daAuts
     D:7: 17 daAuts
